 Dungeon Crawl Stone Soup version 0.25-a0-667-gb977e01cb5 (webtiles) character file.

Game seed: 6715547812678408443, levelgen mode: deterministic

11 nono the Chucker (level 2, 0/15 HPs)
             Began as a Vine Stalker Hunter on Mar 27, 2020.
             Slain by a worm (8 damage)
             ... on level 2 of the Dungeon.
             The game lasted 00:02:39 (492 turns).

nono the Chucker (Vine Stalker Hunter)               Turns: 492, Time: 00:02:41

Health: 0/15       AC:  6    Str: 14    XL:     2   Next: 29%
Magic:  0/3        EV: 11    Int: 11    God:
Gold:   42         SH:  0    Dex: 14    Spells: 1/1 levels left

rFire    . . .     SeeInvis .   a - +0 short sword
rCold    . . .     Gourm    .   (no shield)
rNeg     . . .     Faith    .   n - +0 ring mail
rPois    .         Spirit   +   (no helmet)
rElec    .         Reflect  .   g - +0 cloak
rCorr    .         Harm     .   (no gloves)
MR       .....                  (no boots)
Stlth    +.........             (no amulet)
HPRegen  0.05/turn              (no ring)
MPRegen  0.08/turn              (no ring)

@: no status effects
A: fangs 2, magic shield, antimagic bite, no potion heal 3, rot immunity
a: no special abilities


You were on level 2 of the Dungeon.
You were not hungry.

You visited 1 branch of the dungeon, and saw 2 of its levels.

You collected 42 gold pieces.

Inventory:

Hand Weapons
 a - a +0 short sword (weapon)
Missiles
 c - 6 javelins (quivered)
 d - 2 throwing nets
 m - 4 boomerangs
Armour
 b - a +0 leather armour
 g - a +0 cloak (worn)
 i - a +0 plate armour
 n - a +0 ring mail (worn)
Scrolls
 j - a scroll of magic mapping {unknown}
 p - a scroll of immolation {unknown}
 q - a scroll of enchant weapon {unknown}
Potions
 e - a potion of berserk rage {unknown}
 h - 3 potions of curing {unknown}
 l - a potion of haste {unknown}
 o - a potion of flight {unknown}
Comestibles
 f - 2 rations


   Skills:
 + Level 2.2 Fighting
 + Level 1.1 Short Blades
 - Level 3.6 Throwing
 - Level 1.5 Dodging
 - Level 1.2 Stealth


You had one spell level left.
You didn't know any spells.
Your spell library was empty.

Dungeon Overview and Level Annotations

Branches:
Dungeon (2/15)

Altars:


Innate Abilities, Weirdness & Mutations

You have extremely sharp teeth.
When hurt, damage is shared between your health and your magic reserves.
Your bite disrupts and absorbs the magic of your enemies.
Potions cannot restore your health.
You are immune to rotting.


Message History

You hit the worm but do no damage.
The worm is moderately wounded.
The worm barely misses you.
You hit the worm. You bite the worm, but do no damage.
The worm is severely wounded.
You hit the worm. Your bite misses the worm.
The worm is almost dead.
You hit the worm. You bite the worm.
You kill the worm!
Your Short Blades skill increases to level 1!
You barely miss the worm. You bite the worm. You drain its power.
The worm is lightly wounded.
You hit the worm but do no damage.
The worm is lightly wounded.
The worm bites you!
You hit the worm.
The worm is lightly wounded.
The worm bites you!
Ouch! That really hurt!
You die...

### # #####..
# #. ..... .#
#.. ... ..#
#..)#.#...#
#...w@....#
......#.#...#
...#. ... ..#
### . # .....
... ..
.###### #####
#. ##
....##.###
#........
...###...#
##.###...#.


You could see a worm.

Vanquished Creatures
  A worm (D:2)
  A giant cockroach (D:2)
  2 goblins (D:1)
  A hobgoblin (D:1)
  2 bats (D:1)
  2 kobolds
9 creatures vanquished.

Notes
Turn   | Place    | Note
-------+----------+-------------------------------------------
     0 | D:1      | nono the Vine Stalker Hunter began the quest for the Orb.
     0 | D:1      | Reached XP level 1. HP: 11/11 MP: 2/2
   165 | D:1      | You fall into a shaft and drop 1 floor!
   241 | D:1      | Reached XP level 2. HP: 9/15 MP: 3/3
   489 | D:2      | Reached skill level 1 in Short Blades
   492 | D:2      | Slain by a worm

Levels and vault maps discovered:
D:1:      lemuel_arrival_cross, layout_basic
D:2:      layout_rooms, first_ration, grunt_decor_clamped, st_stairs_14,
          nicolae_gozag_cash_rules_everything_around_me

Skill      XL: |  1  2 |
---------------+-------+-----
Fighting       | 2 |  2.2
Short Blades   | 1 |  1.1
Throwing       | |  3.6
Dodging        | |  1.5
Stealth        | |  1.2

Action                   || total
-------------------------++-------
Melee: Short sword       ||    42
       Bite              ||    11
Throw: Boomerang         ||     1
Armor: Leather armour    ||    17
Dodge: Dodged            ||    27

Table legend:
 A = Non-vault XP
 B = Vault XP
 C = Vault XP percentage of total XP
 D = Non-vault monster count
 E = Vault monster count
 F = Vault count percentage of total count
                 A         B        C        D         E       F
            +---------+---------+-------+---------+---------+-------
      Total |      12 |       5 |  29.4 |       8 |       1 |  11.1
            +---------+---------+-------+---------+---------+-------
        D:1 |       9 |       0 |   0.0 |       6 |       0 |   0.0
        D:2 |       3 |       5 |  62.5 |       2 |       1 |  33.3
            +---------+---------+-------+---------+---------+-------
